 Dungeon Crawl Stone Soup version 0.26-a0-639-g72c4674329 (webtiles) character file.

Game seed: 14747382946571619936

187546 Borgoz the Warrior (level 18, -5/126 HPs)
             Began as a Gargoyle Berserker on Sept 22, 2020.
             Was the Champion of Trog.
             Shot with an arrow by a satyr (12 damage)
             ... on level 4 of the Shoals.
             The game lasted 00:52:37 (34626 turns).

Borgoz the Warrior (Gargoyle Berserker)            Turns: 34626, Time: 00:52:38

Health: -5/126     AC: 43    Str: 21    XL:     18   Next: 51%
Magic:  0/18       EV: 15    Int: 10    God:    Trog [******]
Gold:   3208       SH:  0    Dex: 22    Spells: 17/17 levels left

rFire    . . .     SeeInvis +   b - +3 great mace (vorpal)
rCold    . . .     Faith    .   (shield currently unavailable)
rNeg     + . .     Spirit   +   F - +1 plate armour of Buacwet {Rampage Dex+4}
rPois    ∞         Reflect  .   R - +2 hat {MR+}
rElec    +         Harm     .   m - +2 cloak {Stlth+}
rCorr    .         Rampage  +   D - +1 pair of gloves {Dex+3}
MR       ++...                  o - +0 pair of boots
Stlth    ..........             M - amulet of guardian spirit
HPRegen  0.31/turn              N - +4 ring of slaying
MPRegen  0.16/turn              z - ring of see invisible

@: mighty, flying
A: big wings, negative energy resistance 1, electricity resistance, unbreathing,
petrification resistance, rot immunity, AC +13
a: Stop Flying, Berserk, Trog's Hand, Brothers in Arms, Renounce Religion


You were on level 4 of the Shoals.
You worshipped Trog.
Trog was exalted by your worship.
You visited 5 branches of the dungeon, and saw 28 of its levels.
You also visited: Volcano.

You collected 3208 gold pieces.

Inventory:

Hand Weapons
 b - a +3 vorpal great mace (weapon)
Missiles
 B - 6 throwing nets (quivered)
Armour
 m - a +2 cloak of stealth (worn)
 o - a +0 pair of boots (worn)
 u - the cursed +0 ring mail "Anuzuawk" {Str+6, unknown}
   (You found it on level 4 of the Shoals)

   It affects your strength (+6).
   It has a curse placed upon it.
 D - a +1 pair of gloves of dexterity (worn)
 F - the +1 plate armour of Buacwet (worn) {Rampage Dex+4}
   (You found it on level 10 of the Dungeon)

   It affects your dexterity (+4).
   It bestows one free step when moving towards enemies.
 R - a +2 hat of magic resistance (worn)
Jewellery
 j - an uncursed ring of ice
 z - a ring of see invisible (right hand)
 M - an amulet of guardian spirit (around neck)
 N - a +4 ring of slaying (left hand)
 P - an uncursed ring of protection from cold
Wands
 l - a wand of flame (62)
 r - a wand of polymorph (5)
 s - a wand of iceblast (25)
 v - a wand of digging (14)
 y - a wand of enslavement (14)
 G - a wand of acid (14)
 K - a wand of paralysis (8)
Scrolls
 a - a scroll of blinking
 f - 2 scrolls of fog
 g - 17 scrolls of remove curse
 i - 8 scrolls of identify
 n - 9 scrolls of teleportation
 p - 5 scrolls of magic mapping
 w - a scroll of vulnerability {unknown}
 O - a scroll of fear
Potions
 d - a potion of haste
 e - 4 potions of berserk rage
 h - 14 potions of curing
 k - 6 potions of stabbing
 q - 16 potions of ambrosia
 t - 5 potions of cancellation
 I - a potion of mutation


   Skills:
 * Level 18.5 Fighting
 * Level 17.1 Maces & Flails
 * Level 18.3 Armour
 + Level 11.0 Dodging


You had 17 spell levels left.
You didn't know any spells.
Your spell library was empty.

Dungeon Overview and Level Annotations

Branches:
Dungeon (15/15)            Temple (1/1) D:7            Lair (6/6) D:10
 Shoals (4/4) Lair:3        Snake (0/4) Lair:2        Slime (0/5) Lair:5
    Orc (2/2) D:11            Elf (0/3) Orc:2        Vaults (0/5) D:13
 Depths (0/5) D:15        Volcano (visited)

Altars:
Ashenzari
Dithmenos
Gozag
Kikubaaqudgha
Okawaru
Ru
Sif Muna
Trog
Uskayaw
Vehumet
Wu Jian
Yredelemnul
Zin
The Shining One
Beogh
Jiyva

Shops:
D:6 !   D:13 (   Orc:2 (:([   Shoals:2 (   Shoals:4 ?


Innate Abilities, Weirdness & Mutations

You are resistant to torment.
Your stone body is resilient. (AC +13)
You are immune to poison.
Your large and strong wings let you fly indefinitely.
You resist negative energy. (rN+)
You are resistant to electric shocks. (rElec)
You can survive without breathing.
You are immune to petrification.
You are immune to rotting.


Message History

The satyr shoots an arrow.
The arrow completely misses you.
The satyr shoots a sling bullet.
The sling bullet hits you.
You beat the satyr like a drum!!!
You kill the satyr!
Trog accepts your kill.
Trog appreciates your killing of a magic user.
The faun hits you with a +0 club!
* * * LOW HITPOINT WARNING * * *
The satyr shoots an arrow.
The arrow hits you but does no damage.
You bludgeon the faun!!
The faun is heavily wounded.
The faun hits the plant with a +0 spear!!
The plant begins to die.
The faun hits you but does no damage.
You bludgeon the faun!!
You kill the faun!
Trog accepts your kill.
Trog appreciates your killing of a magic user.
The faun hits the plant with a +0 spear!!
The satyr shoots an arrow.
The arrow hits you!
You die...

##PPP≈≈≈≈≈≈≈≈≈≈P......#.
##.≈P≈≈≈≈≈≈≈≈≈≈..P...... ≈
#PPP≈≈PP≈≈≈≈≈(.(....# ≈≈
##.P≈≈≈PPP≈≈.(..(/..## .≈≈
P..≈P≈PPP≈P.....()...#..≈≈
..PP≈≈P≈PP.P...†)P......≈≈
≈≈...≈≈P≈P.P).)...(.....#
≈......≈≈.!.P)...((†≈..##
..............†)@..)≈≈..#
..P........c....)...≈≈≈≈≈≈
...................≈≈≈≈≈≈≈
...................≈≈≈≈≈≈≈
≈≈.≈.....(..........≈≈≈≈≈≈
≈≈....≈≈≈..cP..P....≈≈≈≈≈≈
≈≈...≈≈≈≈..c..P.....≈≈≈.≈≈
≈≈≈.≈≈≈≈P..##.P##.......
≈≈..≈≈≈≈#..P P## ..


You could see 2 satyrs and a faun (strong).

Vanquished Creatures
  Jorgrun (D:14)
  A kraken (Shoals:2)
  Polyphemus (Shoals:2)
  Gastronok (Lair:1)
  Ilsuiw (Shoals:2)
  Louise (D:15)
  A very ugly thing (D:12)
  The ghost of Guutt the Carver, a journeyman DrGl of Ashenzari (Lair:5)
  Azrael (Orc:2)
  The ghost of Zam Nuan the Blocker, a journeyman GnFi of Qazlal (D:15)
  The ghost of Vihemes the Thrower, a journeyman OgHu of Hepliaklqana (Lair:1)
  A minotaur (D:12)
  A red draconian (Volcano)
  3 merfolk javelineers
  Josephine (Orc:2)
  Snorg (Orc:2)
  The ghost of Xeojat the Fighter, a journeyman MiFi of Okawaru (D:12)
  A yaktaur captain (D:15)
  3 vault guards (D:13)
  A fire dragon (D:13)
  A great orb of eyes (D:10)
  Harold (D:9)
  3 merfolk impalers
  7 hydras
  Erica (D:11)
  An anaconda (Lair:6)
  A death knight (D:12)
  8 two-headed ogres
  5 merfolk avatars
  6 centaur warriors
  An alligator snapping turtle (Shoals:3)
  2 catoblepae
  10 death yaks
  5 satyrs
  4 merfolk aquamancers
  An ogre mage (D:15)
  A tengu warrior (D:15)
  3 orc high priests (Orc:2)
  3 deep elf knights (D:15)
  2 skeletal warriors (D:12)
  13 sea snakes
  2 unseen horrors
  A deep troll (D:15)
  5 wizards
  A phantasmal warrior (D:10)
  A deep elf archer (D:15)
  22 harpies
  9 orc knights
  7 orc sorcerers
  A deep elf mage (D:14)
  27 fauns
  A necromancer (D:13)
  19 ugly things
  4 cyclopes
  9 manticores
  8 merfolk sirens
  Maurice (D:9)
  7 elephants
  8 water nymphs
  A molten gargoyle (Volcano)
  3 black mambas
  A gargoyle (D:11)
  3 centaur skeletons
  28 cane toads
  5 rime drakes
  A freezing wraith (D:13)
  4 yaktaurs
  2 efreet
  2 kobold demonologists
  5 komodo dragons
  2 queen bees
  18 merfolk
  9 trolls
  5 tyrant leeches (Lair:6)
  A wind drake (Shoals:3)
  4 slime creatures (D:13)
  2 meliai (Lair:5)
  4 dream sheep (Shoals:3)
  23 blink frogs
  5 snapping turtles
  3 hornets
  15 hippogriffs
  2 shadows
  10 wraiths
  6 wyverns
  7 fire bats (Volcano)
  31 yaks
  13 water elementals
  7 basilisks
  A steam dragon (Lair:2)
  16 humans (D:13)
  Grum (Lair:1)
  4 fire elementals (Orc:2)
  6 vampire mosquitoes (Lair:6)
  Menkaure (D:5)
  19 wargs
  2 soldier ants
  2 acid dragons (D:13)
  A naga (Lair:2)
  A hydra simulacrum (Lair:1)
  18 water moccasins
  Duvessa (D:4)
  2 hell hounds (Orc:2)
  38 orc warriors
  7 porcupines
  4 black bears
  5 sky beasts
  A swamp drake (D:11)
  3 ice beasts
  8 wolves
  A necrophage (D:9)
  16 ogres
  A phantom (D:7)
  16 centaurs
  9 crocodiles
  A big kobold (D:9)
  28 bullfrogs
  A gnoll sergeant (D:7)
  Dowan (D:4)
  3 cane toad simulacra (Lair:1)
  6 scorpions
  A water moccasin skeleton (D:4)
  62 killer bees
  7 wights
  3 howler monkeys
  2 electric eels
  6 lava snakes (Volcano)
  A quasit (D:10)
  3 centaur zombies
  11 hounds
  3 jellies
  25 orc wizards
  3 bullfrog skeletons
  25 orc priests
  7 iguanas
  Natasha (thrice) (D:3)
  12 worker ants
  A wolf simulacrum (Lair:1)
  A bullfrog simulacrum (Lair:1)
  A hound zombie (D:5)
  A hound skeleton (D:5)
  A porcupine simulacrum (Lair:1)
  A howler monkey skeleton (D:7)
  A river rat (Lair:2)
  14 adders
  6 gnolls
  2 shadow imps
  8 white imps
  3 ufetubi
  An ooze (D:3)
  An adder skeleton (D:5)
  An adder zombie (D:7)
  5 worms
  3 dart slugs
  8 leopard geckos
  114 orcs
  5 giant cockroaches
  10 goblins
  5 hobgoblins
  10 jackals
  7 quokkas
  2 ball pythons
  A ball python skeleton (D:4)
  9 bats
  5 frilled lizards
  A jackal zombie (D:5)
  11 kobolds
  A leopard gecko skeleton (D:4)
  A leopard gecko zombie (D:5)
  A rat (D:1)
  A tentacle (Shoals:2)
1099 creatures vanquished.

Vanquished Creatures (collateral kills)
  A vault guard (D:13)
  A wizard (D:13)
  A necromancer (D:13)
  A yaktaur (D:13)
4 creatures vanquished.

Vanquished Creatures (others)
  An unseen horror (D:14)
  2 harpies (Shoals:1)
  A merfolk siren (Shoals:1)
  A rime drake (Lair:1)
  A human (D:3)
  A centaur (Volcano)
  An orc (Orc:1)
  49 fungi
  281 plants
  4 tentacles (Shoals:2)
342 creatures vanquished.

Grand Total: 1445 creatures vanquished

Notes
Turn   | Place    | Note
-------+----------+-------------------------------------------
     0 | D:1      | Borgoz the Gargoyle Berserker began the quest for the Orb.
     0 | D:1      | Reached XP level 1. HP: 14/14 MP: 1/1
    58 | D:1      | Reached XP level 2. HP: 19/19 MP: 2/2
   245 | D:1      | Reached XP level 3. HP: 23/23 MP: 3/3
   586 | D:1      | Reached ** piety under Trog
  1005 | D:2      | Reached XP level 4. HP: 29/29 MP: 4/4
  1069 | D:2      | Found a basalt altar of Yredelemnul.
  1580 | D:3      | Noticed Natasha
  1587 | D:3      | Killed Natasha
  1747 | D:3      | Reached XP level 5. HP: 23/33 MP: 5/5
  1799 | D:3      | Found an ancient bone altar of Kikubaaqudgha.
  1887 | D:3      | Noticed a human
  1889 | D:3      | Killed a human
  1955 | D:3      | Noticed Natasha
  1965 | D:3      | Killed Natasha
  2152 | D:3      | Noticed Natasha
  2157 | D:3      | Killed Natasha
  2157 | D:3      | Reached XP level 6. HP: 39/39 MP: 6/6
  2374 | D:4      | Reached *** piety under Trog
  2476 | D:4      | Reached skill level 5 in Fighting
  2862 | D:4      | Reached XP level 7. HP: 44/44 MP: 7/7
  2888 | D:4      | Noticed Duvessa
  2892 | D:4      | Noticed Dowan
  2900 | D:4      | Killed Duvessa
  2900 | D:4      | Reached skill level 5 in Maces & Flails
  2900 | D:4      | Reached skill level 5 in Armour
  2915 | D:4      | Killed Dowan
  3139 | D:5      | Entered Level 5 of the Dungeon
  3210 | D:4      | Reached XP level 8. HP: 51/51 MP: 8/8
  3403 | D:5      | Reached **** piety under Trog
  3930 | D:5      | Found a sacrificial altar of Ru.
  4116 | D:5      | Found a hide-covered altar of Uskayaw.
  4141 | D:5      | Noticed Menkaure
  4152 | D:5      | Killed Menkaure
  4152 | D:5      | Reached XP level 9. HP: 57/57 MP: 9/9
  4456 | D:6      | Found an opulent altar of Gozag.
  4456 | D:6      | Found a bloodstained altar of Trog.
  4891 | D:6      | Found Eragucos's Distillery.
  4933 | D:6      | Found a glowing silver altar of Zin.
  5217 | D:7      | Noticed a troll
  5227 | D:7      | Killed a troll
  5311 | D:7      | Reached XP level 10. HP: 29/65 MP: 10/10
  5313 | D:7      | Noticed an orc knight
  5789 | D:7      | Noticed an orc knight
  6051 | D:7      | Killed an orc knight
  6051 | D:7      | Reached skill level 5 in Dodging
  6210 | D:7      | Found a staircase to the Ecumenical Temple.
  6227 | Temple   | Entered the Ecumenical Temple
  6336 | D:7      | Reached ***** piety under Trog
  6425 | D:7      | Killed an orc knight
  6487 | D:7      | Noticed an orc knight
  6498 | D:7      | Killed an orc knight
  6498 | D:7      | Reached skill level 10 in Fighting
  6524 | D:7      | Noticed an orc sorcerer
  6565 | D:7      | Killed an orc sorcerer
  6635 | D:7      | Reached XP level 11. HP: 69/72 MP: 11/11
  6832 | D:7      | Reached skill level 10 in Armour
  7147 | D:7      | Found a shattered altar of Ashenzari.
  7185 | D:7      | Received a gift from Trog
  8424 | D:8      | Found a shimmering blue altar of Sif Muna.
  8511 | D:9      | Found a glowing golden altar of the Shining One.
  8556 | D:9      | Found an ornate altar of the Wu Jian Council.
  8614 | D:9      | Noticed Maurice
  8630 | D:9      | Killed Maurice
  8634 | D:9      | Reached skill level 10 in Maces & Flails
  8648 | D:9      | Noticed a two-headed ogre
  8660 | D:9      | Killed a two-headed ogre
  8788 | D:9      | Found an ornate altar of the Wu Jian Council.
  8896 | D:9      | Found a shadowy altar of Dithmenos.
  8896 | D:9      | Found a radiant altar of Vehumet.
  8944 | D:9      | Noticed a two-headed ogre
  8950 | D:9      | Killed a two-headed ogre
  8955 | D:9      | Noticed Harold
  8983 | D:9      | Killed Harold
  9213 | D:9      | Reached XP level 12. HP: 55/80 MP: 12/12
  9561 | D:10     | Entered Level 10 of the Dungeon
  9693 | D:10     | Noticed a sun demon
  9786 | D:10     | Found a staircase to the Lair.
 10199 | D:10     | Received a gift from Trog
 10259 | D:10     | Noticed a centaur warrior
 10271 | D:10     | Killed a centaur warrior
 10443 | D:10     | Noticed a great orb of eyes
 10455 | D:10     | Killed a great orb of eyes
 10461 | D:10     | Got a bloodstained plate armour
 10468 | D:10     | Got a twitching glass ring
 10484 | D:10     | Identified the +1 plate armour of Buacwet {Rampage Dex+4}
                  | (You found it on level 10 of the Dungeon)
 10487 | D:10     | Identified the ring "Riuts" {rN+ Int+2} (You found it on
                  | level 10 of the Dungeon)
 10557 | D:10     | Noticed a two-headed ogre
 10570 | D:10     | Killed a two-headed ogre
 11001 | D:11     | Noticed Erica
 11080 | D:11     | Killed Erica
 11133 | D:11     | Found a staircase to the Orcish Mines.
 11159 | D:11     | Received a gift from Trog
 11641 | D:12     | Found a runed translucent gate.
 11641 | D:12     | Found a runed translucent gate.
 11642 | D:12     | Found a runed translucent gate.
 11646 | D:12     | Noticed a minotaur
 11647 | D:12     | Noticed Xeojat's ghost (journeyman MiFi)
 12022 | D:12     | Reached XP level 13. HP: 39/87 MP: 13/13
 12026 | D:12     | HP: 1/130 [white ugly thing (35)]
 12261 | D:12     | Noticed a purple very ugly thing
 12302 | D:12     | Killed a purple very ugly thing
 12884 | D:13     | Noticed a fire dragon
 12897 | D:13     | Killed a fire dragon
 13033 | D:13     | Found a roughly hewn altar of Beogh.
 13267 | D:13     | Found Ycoigax's Weapon Boutique.
 13596 | D:13     | Identified the Incunabulum of the Birds and Fire
 13603 | D:13     | Found a gate to the Vaults.
 13603 | D:13     | Noticed a vault guard
 13603 | D:13     | Noticed a vault guard
 13603 | D:13     | Noticed a vault guard
 13603 | D:13     | Noticed a vault guard
 13611 | D:13     | Killed a vault guard
 13614 | D:13     | Killed a vault guard
 13621 | D:13     | Killed a vault guard
 13621 | D:13     | Gained mutation: Your large and strong wings let you fly
                  | indefinitely. [Gargoyle growth]
 13621 | D:13     | Reached XP level 14. HP: 95/95 MP: 14/14
 13797 | D:13     | Identified the Catalogue of Shape Shifting and
                  | Weightlessness
 13972 | D:14     | Received a gift from Trog
 14120 | D:14     | Noticed Jorgrun
 15024 | D:14     | Paralysed by a wizard for 3 turns
 15029 | D:14     | Killed Jorgrun
 15793 | D:15     | Entered Level 15 of the Dungeon
 15952 | D:15     | Noticed Louise
 16304 | D:15     | Killed Louise
 16671 | D:15     | Reached skill level 15 in Fighting
 16852 | D:15     | Found a staircase to the Depths.
 16947 | D:15     | Reached XP level 15. HP: 103/103 MP: 15/15
 17056 | D:15     | Received a gift from Trog
 17081 | D:15     | Found a runed translucent gate.
 17082 | D:15     | Found a runed translucent gate.
 17082 | D:15     | Found a runed translucent gate.
 17085 | D:15     | Noticed Zam Nuan's ghost (journeyman GnFi)
 17086 | D:15     | Identified the amulet of Winter {rC++ rN+ Regen+ Str-5
                  | Int+2}
 17087 | D:15     | Found an iron altar of Okawaru.
 17404 | D:12     | Killed Xeojat's ghost
 17413 | D:12     | Reached skill level 15 in Armour
 17502 | Lair:1   | Entered Level 1 of the Lair of Beasts
 17525 | Lair:1   | Got a fading leather armour
 17547 | Lair:1   | Identified the +3 leather armour of Orthodoxy {Int+3} (You
                  | found it on level 1 of the Lair of Beasts)
 17621 | Lair:1   | Noticed Grum
 17635 | Lair:1   | Killed Grum
 17729 | Lair:1   | Noticed Vihemes's ghost (journeyman OgHu)
 17752 | Lair:1   | Found a runed translucent gate.
 17752 | Lair:1   | Found a runed translucent gate.
 17752 | Lair:1   | Found a runed translucent gate.
 17836 | Lair:1   | Noticed Gastronok
 17851 | Lair:1   | Killed Gastronok
 18672 | Lair:2   | Found a staircase to the Snake Pit.
 19010 | Lair:2   | Received a gift from Trog
 19054 | Lair:2   | Reached ****** piety under Trog
 19873 | Lair:3   | Found a staircase to the Shoals.
 20234 | Lair:3   | You are sucked into a shaft and drop 3 floors!
 20234 | Lair:6   | Entered Level 6 of the Lair of Beasts
 20696 | Lair:6   | Received a gift from Trog
 20919 | Lair:6   | Reached XP level 16. HP: 94/110 MP: 16/16
 21282 | Lair:5   | Reached skill level 15 in Maces & Flails
 21324 | Lair:5   | Found a dark tunnel.
 21343 | Volcano  | Entered a volcano
 21573 | Volcano  | Found a radiant altar of Vehumet.
 21578 | Volcano  | Received a gift from Trog
 21689 | Lair:5   | Noticed Guutt's ghost (journeyman DrGl)
 22742 | Lair:5   | Found a staircase to the Slime Pits.
 22742 | Lair:5   | Found a viscous altar of Jiyva.
 22759 | Lair:5   | Found a transporter.
 22760 | Lair:5   | Found a transporter.
 24207 | Lair:5   | Killed Guutt's ghost
 24760 | Lair:1   | Killed Vihemes's ghost
 25005 | D:15     | Killed Zam Nuan's ghost
 25420 | D:15     | Reached skill level 10 in Dodging
 26024 | Orc:1    | Entered Level 1 of the Orcish Mines
 26057 | Orc:1    | Received a gift from Trog
 26673 | Orc:2    | Entered Level 2 of the Orcish Mines
 26675 | Orc:2    | Noticed Josephine
 26686 | Orc:2    | Killed Josephine
 26962 | Orc:2    | Noticed Snorg
 26969 | Orc:2    | Killed Snorg
 27046 | Orc:2    | Found a staircase to the Elven Halls.
 27060 | Orc:2    | Noticed Azrael
 27071 | Orc:2    | Killed Azrael
 27071 | Orc:2    | Reached XP level 17. HP: 117/117 MP: 15/17
 27252 | Orc:2    | Found Paptop's Weapon Shop.
 27252 | Orc:2    | Found Gein's Weapon Emporium.
 27252 | Orc:2    | Found Dassofeek's Book Shop.
 27283 | Orc:2    | HP: 5/117 [orc high priest/divine providence (12)]
 27813 | Orc:2    | Received a gift from Trog
 27825 | Orc:2    | Found Guqabrac's Armour Emporium.
 28432 | Shoals:1 | Entered Level 1 of the Shoals
 30487 | Shoals:2 | Noticed Ilsuiw
 30508 | Shoals:2 | Killed Ilsuiw
 30512 | Shoals:2 | Received a gift from Trog
 30983 | Shoals:2 | Noticed Polyphemus
 30999 | Shoals:2 | Killed Polyphemus
 31275 | Shoals:2 | Found Kaunwip's Antique Weapon Emporium.
 31502 | Shoals:2 | Noticed a kraken
 31513 | Shoals:2 | Killed a kraken
 32495 | Shoals:3 | Reached XP level 18. HP: 99/125 MP: 13/18
 32592 | Shoals:3 | Received a gift from Trog
 33535 | Shoals:4 | Entered Level 4 of the Shoals
 34324 | Shoals:4 | Found Videfas's Magic Scroll Shop.
 34534 | Shoals:4 | Got a bloodstained ring mail
 34572 | Shoals:4 | Received a gift from Trog
 34624 | Shoals:4 | HP: 6/126 [faun/+0 club (6)]
 34626 | Shoals:4 | Shot with an arrow by a satyr

Illustrated notes

Levels and vault maps discovered:
D:1:      shiori_arrival_oz, layout_basic, serial_glass, glass_columns_a,
          glass_columns_a, minmay_tall_x
D:2:      layout_basic, overflow_temple_1_default
D:3:      layout_basic, chequers_serial_rivers_micro_a, tgw_kikubaaqudgha,
          uniq_natasha
D:4:      layout_loops_cross, hangedman_decor_clover_reticule, minmay_vboxes,
          uniq_duvessa
D:5:      layout_cave_pods, nicolae_ru_sacrificial_ziggurat,
          nicolae_overflow_hidden_temple, st_stairs_11, uniq_menkaure
D:6:      layout_rooms, kennysheep_mini, gammafunk_temple_overflow_elements,
          serial_shops, shop
D:7:      lemuel_castle_with_subvaults [lemuel_castle_interior_carwin_3],
          layout_rooms, minmay_temple_entry_tees, serial_co_window_serial,
          co_window_paths_a, co_window_corner_a, co_window_paths_a,
          co_window_paths_a, co_window_corner_a, co_window_paths_b,
          co_window_of_opportunity_a, co_window_of_opportunity_b,
          co_window_broadway_b, co_window_corner_b, cheibrodos_ashenzari_chains
D:8:      layout_cave_pools, tgw_sif
D:9:      layout_roguey, overflow_temple_1_default, old_standard_altar,
          gammafunk_temple_overflow_pools, basic_altar, minmay_diced_spiral,
          uniq_maurice, uniq_harold
D:10:     minmay_the_grid_four_pointed_star
          [minmay_the_grid_triangle_9x9_thin_v,
          minmay_the_grid_triangle_9x9_stretched_checkered,
          minmay_the_grid_triangle_9x9_windchime,
          minmay_the_grid_triangle_9x9_steps,
          minmay_the_grid_prize_diamond_cup], layout_irregular_city,
          lair_entry_dummy
D:11:     layout_big_octagon, erik_orc_1, serial_glass, glass_columns_a,
          glass_columns_a, uniq_erica
D:12:     cheibrodos_breeding_chamber, layout_rooms,
          maelrawn_ghost_gauntlet_escape
D:13:     layout_roguey [special_room_orc], grunt_vaults_entry_tiered,
          serial_shops, shop, onia_ninara_dug_in_and_dangerous
D:14:     layout_rooms, chequers_big_river, uniq_jorgrun
D:15:     hangedman_depths_entry_civil_slaughter, layout_long_grid,
          gammafunk_ghost_fury_of_okawaru, minmay_misc_feat_nine_boxes,
          uniq_louise
Temple:   bh_familiar_temple
Lair:1:   layout_gridlike, gammafunk_ghost_icy, uniq_grum, uniq_gastronok
Lair:2:   regret_index_bee_streams, layout_chaotic_city,
          guppyfry_snake_entry_garden, chequers_serial_rivers_micro_d,
          lemuel_fruit_tree, serial_bayou_shore_b
Lair:3:   layout_cave_pods, minmay_shoals_entry_hut, minivault_23,
          bh_autumn_forest_stairs
Lair:4:   layout_cave_pods
Lair:5:   layout_loops_ring, slime_altar_1, nicolae_volcano_entry_two_sided,
          gammafunk_ghost_hive
Lair:6:   minmay_lair_end_frog_pond, layout_regular_city,
          chequers_serial_rivers_micro_a, grunt_forest_large_clearing_hut
Shoals:1: layout_shoals
Shoals:2: layout_shoals, serial_shops, shop, nicolae_shoals_so_close,
          uniq_ilsuiw, uniq_polyphemus
Shoals:3: layout_shoals, nicolae_shoals_square_sea_wall,
          nicolae_shoals_dead_sea_scrolls
Shoals:4: shoals_end_grunt_garden, layout_shoals, serial_shops, shop,
          nicolae_shoals_seven_spires
Orc:1:    layout_caves
Orc:2:    st_orc_elflike, layout_caves, uniq_snorg, uniq_azrael, uniq_josephine

Skill      XL: |  1  2  3  4  5  6  7  8  9 10 11 12 13 14 15 16 17 18 |
---------------+-------------------------------------------------------+-----
Dodging        | 2 3 4 5 6 7 8 9 10 11 | 11.0
Armour         | 3 4 5 6 8 9 11 12 13 14 15 16 17 18 | 18.3
Fighting       | 4 5 6 7 8 10 11 12 13 15 16 17 18 | 18.5
Maces & Flails | 4 5 6 7 9 10 11 12 13 14 15 16 17 | 17.1

Action                   |  1- 3 |  4- 6 |  7- 9 | 10-12 | 13-15 | 16-18 || total
-------------------------+-------+-------+-------+-------+-------+-------++-------
Melee: Mace              |   105 |    66 |       |       |       |       ||   171
       Whip              |       |    94 |   349 |   781 |       |       ||  1224
       Dire flail        |       |       |       |   219 |  1182 |       ||  1401
       Great mace        |       |       |       |       |    76 |  1287 ||  1363
Invok: Berserk           |     3 |     3 |     4 |    19 |    16 |    15 ||    60
       Trog's Hand       |       |     1 |     4 |     4 |     1 |     2 ||    12
       Brothers in Arms  |       |       |       |       |     1 |       ||     1
 Abil: Fly               |       |       |       |       |     1 |       ||     1
Evoke: Wand              |       |       |       |     2 |       |       ||     2
  Use: Scroll            |       |     4 |     2 |     3 |     1 |    22 ||    32
       Potion            |       |       |       |     2 |     3 |     3 ||     8
 Stab: Fleeing           |       |       |       |       |       |     1 ||     1
Armor: Animal skin       |    11 |       |       |       |       |       ||    11
       Ring mail         |    35 |    83 |   157 |   234 |       |       ||   509
       Plate armour      |       |       |       |    94 |   986 |  1619 ||  2699
       Troll leather arm |       |       |       |    39 |       |       ||    39
       Scale mail        |       |       |       |       |       |    92 ||    92
       Fire dragon scale |       |       |       |       |       |    37 ||    37
Dodge: Dodged            |    76 |   105 |   228 |   503 |   705 |  1786 ||  3403

Table legend: (Time is in decaauts)
 A = Elapsed time spent in this place.
 B = Non-inter-level travel time spent in this place.
 C = Inter-level travel time spent in this place.
 D = Time resting spent in this place.
 E = Time spent auto-exploring this place.
 F = Levels seen in this place.
 G = Mean time per level.
                   A        B        C        D        E       F      G
               +--------+--------+--------+--------+--------+-----+--------+
         Total |  34260 |  32294 |   1966 |   8999 |  16761 |  29 | 1181.4 |
       Dungeon |  18429 |  17336 |   1093 |   4583 |   9123 |  15 | 1228.6 |
        Temple |      1 |      1 |      0 |      0 |      0 |   1 |    1.0 |
          Lair |   7743 |   7087 |    656 |   1415 |   4426 |   6 | 1290.5 |
        Shoals |   5445 |   5262 |    183 |   2112 |   2142 |   4 | 1361.2 |
  Orcish Mines |   2325 |   2292 |     33 |    887 |    948 |   2 | 1162.5 |
       Volcano |    314 |    314 |      0 |      0 |    122 |   1 |  314.0 |
               +--------+--------+--------+--------+--------+-----+--------+

Top non-repeatable levels by time:
     D:7: 2379 daAuts
    D:13: 2263 daAuts
Shoals:3: 2117 daAuts
    D:15: 2042 daAuts
  Lair:3: 1779 daAuts
  Lair:6: 1695 daAuts
Shoals:2: 1615 daAuts
    D:12: 1417 daAuts
   Orc:2: 1363 daAuts
    D:10: 1302 daAuts
  Lair:5: 1232 daAuts
     D:5: 1217 daAuts
Shoals:1: 1168 daAuts
    D:14: 1134 daAuts
  Lair:1: 1131 daAuts
